 Dungeon Crawl Stone Soup version 0.26-a0-259-g1effd001a9 (webtiles) character file.

Game seed: 787571407081326880

58810 raph the Destroyer (level 14, -2/76 HPs)
             Began as a Deep Elf Conjurer on July 19, 2020.
             Was a High Priest of Sif Muna.
             Slain by a meliai
             ... wielding a +1 hand axe of flaming
              (5 damage)
             ... on level 15 of the Dungeon on July 20, 2020.
             The game lasted 01:47:29 (33635 turns).

raph the Destroyer (Deep Elf Conjurer)             Turns: 33635, Time: 01:47:30

Health: -2/76      AC: 18    Str:  7    XL:     14   Next: 50%
Magic:  33/40      EV: 17    Int: 24    God:    Sif Muna [*****.]
Gold:   1875       SH:  0    Dex: 14    Spells: 1/35 levels left

rFire    . . .     SeeInvis .   b - staff of conjuration
rCold    . . .     Faith    +   (no shield)
rNeg     + . .     Spirit   .   P - +1 troll leather armour
rPois    +         Reflect  .   k - +2 helmet
rElec    .         Harm     .   t - +2 ratskin cloak {+Rats rPois rN+ Str-1 Int-1 Dex+1}
rCorr    .                      u - +1 pair of gloves
MR       +....                  z - +0 pair of boots {Stlth+}
Stlth    +++++.....             Q - amulet of faith
HPRegen  0.62/turn              v - ring of magical power
MPRegen  0.27/turn              r - +4 ring of protection

@: no status effects
A: no striking features
a: Channel Magic, Forget Spell, Divine Exegesis, Renounce Religion, Evoke
Ratskin


You were on level 15 of the Dungeon.
You worshipped Sif Muna.
Sif Muna was extremely pleased with you.
You were not hungry.

You visited 3 branches of the dungeon, and saw 23 of its levels.

You collected 2099 gold pieces.
You spent 224 gold pieces at shops.

Inventory:

Hand Weapons
 n - a +1 quarterstaff
 J - a +2 dagger of venom
Missiles
 g - 124 poisoned darts (quivered)
Armour
 k - a +2 helmet (worn)
 t - the +2 ratskin cloak (worn) {+Rats rPois rN+ Str-1 Int-1 Dex+1}
   (You found it on level 5 of the Dungeon)

   It affects your strength (-1).
   It affects your intelligence (-1).
   It affects your dexterity (+1).
   It protects you from poison.
   It protects you from negative energy.
 u - a +1 pair of gloves (worn)
 z - a +0 pair of boots of stealth (worn)
 P - a +1 troll leather armour (worn)
Magical Staves
 a - an uncursed staff of wizardry
 b - an uncursed staff of conjuration (weapon)
 K - an uncursed staff of energy
Jewellery
 q - an uncursed ring of fire
 r - a +4 ring of protection (right hand)
 v - a ring of magical power (left hand)
 w - an uncursed ring of poison resistance
 Q - an amulet of faith (around neck)
 S - an uncursed ring of stealth
 V - a +6 ring of dexterity
 X - the ring of Edwit {+Fly Int+3}
   (You bought it in a shop on level 2 of the Orcish Mines)

   [ring of flight]

   It affects your intelligence (+3).
   It lets you fly.
Wands
 A - a wand of digging (1)
 C - a wand of flame (53)
 D - a wand of paralysis (5)
 H - a wand of acid (9)
 I - a wand of polymorph (10)
 R - a wand of iceblast (5)
 U - a wand of clouds (7)
Scrolls
 d - 2 scrolls of magic mapping
 e - 2 scrolls of identify
 h - 6 scrolls of remove curse
 l - 3 scrolls of amnesia
 p - 3 scrolls of fear
 x - a scroll of blinking
 y - 4 scrolls of teleportation
 B - 3 scrolls of enchant weapon
 E - 2 scrolls of fog
Potions
 f - a potion of mutation
 m - 9 potions of curing
 o - 2 potions of ambrosia
 s - 2 potions of might
 F - 4 potions of berserk rage
 G - 2 potions of haste
 M - a potion of flight
 N - 3 potions of degeneration {unknown}
 O - 2 potions of resistance {unknown}
 T - 2 potions of stabbing {unknown}
 W - 2 potions of heal wounds
 Y - a potion of magic
Miscellaneous
 L - a lightning rod (4/4)
Comestibles
 c - 67 rations


   Skills:
 - Level 4.4 Fighting
 - Level 2.9 Staves
 + Level 2.5 Armour
 - Level 9.4 Dodging
 - Level 10.9 Stealth
 + Level 11.0 Spellcasting
 * Level 12.9 Conjurations
 - Level 10.2 Hexes
 - Level 7.0 Summonings
 - Level 7.3 Translocations
 * Level 9.5 Air Magic
 + Level 7.0 Invocations
 - Level 5.9 Evocations


You had one spell level left.
You knew the following spells:

 Your Spells              Type           Power        Failure   Level
a - Magic Dart            Conj           ####         1%          1
b - Searing Ray           Conj           ######       1%          2
c - Dazzling Flash        Conj/Hex       ######       1%          3
d - Fulminant Prism       Conj/Hex       #######...   1%          4
e - Iskenderun's Mystic   Conj/Tloc      #######.     1%          4
f - Gell's Gravitas       Tloc           #####.....   1%          3
g - Apportation           Tloc           #####.       1%          1
h - Summon Lightning Spi  Summ/Air       ######..     2%          4
i - Swiftness             Chrm/Air       #####...     1%          2
j - Lightning Bolt        Conj/Air       #######...   1%          5
k - Animate Skeleton      Necr           ##....       7%          1
l - Airstrike             Air            ######....   1%          4

Your spell library contained the following spells:

 Spells                   Type           Power        Failure   Level
 Corona                   Hex            ######.      1%          1
 Shock                    Conj/Air       ####         1%          1
 Summon Butterflies       Summ           #####...     1%          1
 Summon Small Mammal      Summ           ####         1%          1
 Ensorcelled Hibernation  Hex/Ice        #####.       1%          2
 Slow                     Hex            ######..     1%          2
 Confusing Touch          Hex            ######..     1%          3
 Lesser Beckoning         Tloc           #####.....   1%          3
 Static Discharge         Conj/Air       #######.     1%          3
 Tukima's Dance           Hex            ######..     1%          3
 Silence                  Hex/Air        ######....   3%          5
 Summon Mana Viper        Hex/Summ       ######..     5%          5
 Conjure Ball Lightning   Conj/Air       #######...   11%         6
 Invisibility             Hex            ######..     16%         6
 Metabolic Englaciation   Hex/Ice        #####.....   24%         5
 Yara's Violent Unravell  Hex/Tmut       #####.....   24%         5
 Petrify                  Tmut/Erth      ##......     56%         4
 Alistair's Intoxication  Tmut/Pois      ##......     88%         5
 Tornado                  Air            ######....   100%        9


Dungeon Overview and Level Annotations

Branches:
Dungeon (15/15)            Temple (0/1) D:5            Lair (6/6) D:8
 Shoals (0/4) Lair:3        Snake (0/4) Lair:2        Slime (0/5) Lair:5
    Orc (2/2) D:12            Elf (0/3) Orc:2        Vaults (0/5) D:13
 Depths: D:15

Altars:
Cheibriados
Dithmenos
Elyvilon
Fedhas
Gozag
Kikubaaqudgha
Makhleb
Nemelex Xobeh
Okawaru
Sif Muna
Trog
Uskayaw
Xom
The Shining One
Beogh
Jiyva

Shops:
Orc:2 }}}*

Annotations:
D:14 3 runed translucent doors, Halul Cua's ghost, journeyman TrTm; Iqohoc's ghost, journeyman VSBe; Ucrul's ghost, journeyman VSBe
Lair:1 exclusion: 2 oklob plants
Lair:2 exclusion: 2 oklob plants
Lair:3 exclusion: door


Message History

The meliai is healed somewhat.
The meliai hits your fulminant prism with a +0 war axe!
The meliai stings your fulminant prism!
Your fulminant prism detonates feebly.
The meliai misses you. The meliai stings you.
The meliai calls upon its god to heal the meliai.
The meliai is healed somewhat.
The meliai calls down the wrath of its god upon you.
Something smites you!
* * * LOW HITPOINT WARNING * * *
The searing ray hits the meliai!
You kill the meliai!
Sif Muna accepts your kill.
You hear the thunderous beating of a distant drum.
The meliai hits you but does no damage.
The meliai stings you but does no damage.
The meliai hits you with a +1 hand axe of flaming!
* * * LOW HITPOINT WARNING * * *
The meliai burns you.
You die...

#...........#
#...........#
#...........#
#p..........#
#..# # ##.##
####.####..#
.......y...######
###....).@.....#
#######y.###.#
............#
...###..##..# .
##.##..# #..#..#
#..#..# #.....#
##....#


You could see 2 meliai.

Vanquished Creatures
  Snorg (Lair:4)
  7 hydras
  A catoblepas (Lair:5)
  4 vault guards (D:13)
  7 two-headed ogres
  A centaur warrior (D:13)
  2 death yaks (Lair:4)
  An orc high priest (Orc:2)
  An unseen horror (D:11)
  2 orc knights (Orc:1)
  A wizard (D:14)
  A harpy (shapeshifter) (D:14)
  A necromancer (Lair:3)
  An ugly thing (D:11)
  A manticore (D:14)
  3 orc sorcerers (Orc:2)
  3 cyclopes
  4 black mambas
  6 elephants
  A torpor snail (Lair:4)
  A merfolk siren (Lair:3)
  A gargoyle (D:14)
  11 cane toads
  2 rime drakes (Lair:4)
  8 komodo dragons
  2 trolls
  A meliai (D:15)
  Grinder (D:5)
  9 blink frogs
  11 hippogriffs
  7 slime creatures
  A meliai zombie (D:11)
  Sigmund (D:3)
  A spriggan (D:9)
  22 yaks
  7 wyverns
  A basilisk (Lair:4)
  8 humans (D:13)
  4 vampire mosquitoes (D:14)
  A warg (Orc:2)
  7 water moccasins
  2 soldier ants
  A floating eye (Lair:1)
  3 nagas (Lair:2)
  3 acid dragons
  5 porcupines
  A sky beast (D:4)
  2 black bears
  18 orc warriors
  5 ice beasts
  2 necrophages
  7 phantoms
  2 eyes of draining
  10 ogres
  11 centaurs
  10 wolves (Lair:3)
  10 crocodiles
  A big kobold (D:10)
  16 bullfrogs
  3 wyvern zombies
  A wyvern skeleton (D:10)
  4 scorpions
  A killer bee (D:8)
  14 wights
  3 howler monkeys
  A crimson imp (D:6)
  A bullfrog zombie (D:8)
  2 quasits (D:8)
  3 jellies
  A bullfrog skeleton (D:12)
  23 orc priests
  2 centaur skeletons
  6 hounds
  Jessica (D:2)
  Terence (D:3)
  2 iguanas
  33 orc wizards
  10 hell rats
  A polar bear simulacrum (Lair:3)
  13 worker ants
  A wolf simulacrum (Lair:3)
  2 killer bee zombies (D:8)
  A hound skeleton (D:8)
  Robin (D:2)
  A howler monkey zombie (D:6)
  A worker ant zombie (D:7)
  14 adders
  6 gnolls
  3 howler monkey skeletons
  4 river rats (D:5)
  4 shadow imps
  An ooze (D:1)
  3 adder zombies (D:8)
  3 worms
  2 adder skeletons
  A dart slug (D:1)
  4 leopard geckos
  63 orcs
  6 bats
  5 giant cockroaches
  16 goblins
  7 hobgoblins
  A jackal (D:8)
  9 kobolds
  2 ball pythons (D:2)
  A ball python zombie (D:5)
  3 frilled lizards
  A jackal zombie (D:8)
  3 quokka skeletons (D:4)
  A quokka zombie (D:8)
  29 rats
  3 fungi (Lair:4)
  3 plants
596 creatures vanquished.

Vanquished Creatures (collateral kills)
  An orc sorcerer (Orc:1)
  A troll (Orc:2)
  A yak (D:11)
  A basilisk (Lair:2)
  An orc warrior (Orc:2)
  An ogre (Orc:2)
  A scorpion (Lair:1)
  An orc priest (Orc:2)
  2 orc wizards (Orc:2)
  A worker ant zombie (D:8)
  3 orcs
14 creatures vanquished.

Vanquished Creatures (others)
  2 wights (D:13)
  86 fulminant prisms
  9 fungi
  8 plants
105 creatures vanquished.

Grand Total: 715 creatures vanquished

Notes
Turn   | Place    | Note
-------+----------+-------------------------------------------
     0 | D:1      | raph the Deep Elf Conjurer began the quest for the Orb.
     0 | D:1      | Reached XP level 1. HP: 10/10 MP: 6/6
   133 | D:1      | Reached XP level 2. HP: 15/15 MP: 6/8
   137 | D:1      | Learned a level 2 spell: Searing Ray
   651 | D:1      | Reached XP level 3. HP: 19/19 MP: 7/9
   685 | D:1      | Learned a level 3 spell: Dazzling Flash
  1246 | D:2      | Noticed Robin
  1247 | D:2      | Reached skill level 5 in Conjurations
  1253 | D:2      | Killed Robin
  1253 | D:2      | Reached skill level 1 in Hexes
  1399 | D:2      | Noticed Jessica
  1401 | D:2      | Killed Jessica
  1401 | D:2      | Reached XP level 4. HP: 24/24 MP: 8/11
  1807 | D:2      | Found a shadowy altar of Dithmenos.
  1816 | D:2      | Found an iron altar of Okawaru.
  1820 | D:2      | Found a glowing golden altar of the Shining One.
  1822 | D:2      | Found a shimmering blue altar of Sif Muna.
  1822 | D:2      | Found a snail-covered altar of Cheibriados.
  1822 | D:2      | Found an opulent altar of Gozag.
  1833 | D:2      | Became a worshipper of Sif Muna the Loreminder
  2678 | D:3      | Noticed Terence
  2689 | D:3      | Killed Terence
  2689 | D:3      | Reached XP level 5. HP: 25/28 MP: 7/12
  2768 | D:3      | Reached skill level 1 in Invocations
  2822 | D:3      | Noticed Sigmund
  3191 | D:4      | Learned a level 4 spell: Fulminant Prism
  3297 | D:4      | Noticed a phantom
  3304 | D:4      | Killed a phantom
  3304 | D:4      | Reached skill level 6 in Conjurations
  3411 | D:4      | Reached XP level 6. HP: 32/32 MP: 13/13
  3472 | D:4      | Reached skill level 7 in Conjurations
  3560 | D:4      | Reached * piety under Sif Muna
  3932 | D:4      | Reached XP level 7. HP: 36/36 MP: 10/14
  4032 | D:4      | Found a sparkling altar of Nemelex Xobeh.
  4316 | D:5      | Entered Level 5 of the Dungeon
  4321 | D:4      | Reached skill level 5 in Hexes
  4405 | D:5      | Reached skill level 8 in Conjurations
  4768 | D:5      | Reached ** piety under Sif Muna
  5121 | D:5      | Reached skill level 5 in Spellcasting
  5217 | D:5      | Noticed Grinder
  5223 | D:5      | Paralysed by Grinder for 5 turns
  5231 | D:5      | Killed Grinder
  5231 | D:5      | Reached XP level 8. HP: 23/41 MP: 9/18
  5393 | D:5      | Found a white marble altar of Elyvilon.
  5447 | D:5      | Learned a level 4 spell: Iskenderun's Mystic Blast
  5682 | D:5      | Reached skill level 1 in Translocations
  5711 | D:5      | Found a bloodstained altar of Trog.
  5842 | D:5      | Found a staircase to the Ecumenical Temple.
  6041 | D:5      | Found the +2 ratskin cloak {+Rats rPois rN+ Str-1 Int-1
                  | Dex+1}
  6119 | D:6      | Reached skill level 9 in Conjurations
  6349 | D:6      | Found a shimmering altar of Xom.
  6381 | D:6      | Found a burning altar of Makhleb.
  6629 | D:6      | Reached skill level 1 in Evocations
  7455 | D:7      | Found a burning altar of Makhleb.
  7681 | D:7      | Learned a level 3 spell: Gell's Gravitas
  8039 | D:8      | Reached XP level 9. HP: 46/46 MP: 20/20
  8219 | D:8      | Reached *** piety under Sif Muna
  8283 | D:8      | Reached skill level 5 in Stealth
  8285 | D:8      | Noticed an elephant
  8425 | D:8      | Reached skill level 1 in Fighting
  8784 | D:8      | Found a staircase to the Lair.
  9105 | D:8      | Killed an elephant
  9866 | D:8      | Noticed a two-headed ogre
  9876 | D:8      | Killed a two-headed ogre
  9876 | D:8      | Reached XP level 10. HP: 25/54 MP: 5/21
 10143 | D:8      | Reached skill level 5 in Dodging
 10184 | D:8      | Reached skill level 5 in Translocations
 10645 | Lair:1   | Entered Level 1 of the Lair of Beasts
 10678 | Lair:1   | Noticed a cane toad
 10694 | Lair:1   | Noticed a black mamba
 10699 | Lair:1   | Killed a cane toad
 10749 | D:8      | Reached skill level 10 in Conjurations
 10953 | Lair:1   | Killed a black mamba
 11226 | Lair:1   | Noticed an eight-headed hydra
 11234 | Lair:1   | Killed an eight-headed hydra
 11462 | Lair:1   | Noticed a cane toad
 11469 | Lair:1   | Killed a cane toad
 11469 | Lair:1   | Reached skill level 5 in Evocations
 11653 | Lair:1   | Noticed an oklob plant
 11887 | Lair:1   | Noticed an oklob plant
 12518 | Lair:2   | Found a staircase to the Snake Pit.
 12665 | Lair:2   | Reached XP level 11. HP: 60/60 MP: 22/22
 12850 | Lair:2   | Noticed an oklob plant
 13050 | Lair:2   | Learned a level 1 spell: Apportation
 13882 | Lair:2   | Noticed an oklob plant
 14326 | Lair:3   | You fall into a shaft and drop 1 floor!
 14331 | Lair:4   | Noticed Snorg
 14338 | Lair:4   | Killed Snorg
 14338 | Lair:4   | Reached skill level 10 in Stealth
 14342 | Lair:4   | HP: 3/60 [komodo dragon (12)]
 14636 | Lair:4   | Noticed a seven-headed hydra
 14918 | Lair:4   | Killed a seven-headed hydra
 15276 | Lair:3   | Reached skill level 1 in Staves
 15277 | Lair:3   | Reached **** piety under Sif Muna
 15335 | Lair:3   | HP: 3/61 [black mamba (13)]
 16833 | D:10     | Entered Level 10 of the Dungeon
 17913 | D:11     | Reached XP level 12. HP: 67/67 MP: 22/24
 18076 | D:11     | Noticed a two-headed ogre
 18081 | D:11     | Killed a two-headed ogre
 18081 | D:11     | Reached skill level 11 in Conjurations
 18294 | D:11     | Reached skill level 10 in Hexes
 18553 | D:11     | You fall into a shaft and drop 3 floors!
 18656 | D:14     | Found a runed translucent gate.
 18656 | D:14     | Found a runed translucent gate.
 18657 | D:14     | Found a runed translucent gate.
 18743 | D:13     | Noticed a centaur warrior
 18759 | D:13     | Killed a centaur warrior
 18759 | D:13     | Reached skill level 1 in Armour
 18782 | D:13     | Noticed a vault guard
 18803 | D:13     | Noticed a two-headed ogre
 19165 | D:12     | Learned a level 5 spell: Metabolic Englaciation
 19488 | D:11     | Reached ***** piety under Sif Muna
 19531 | D:11     | Received a gift from Sif Muna
 19641 | D:11     | Learned a level 4 spell: Summon Lightning Spire
 19673 | D:11     | Found a shimmering altar of Xom.
 19675 | D:11     | Found a hide-covered altar of Uskayaw.
 19675 | D:11     | Found a glowing golden altar of the Shining One.
 19702 | D:11     | Found an ancient bone altar of Kikubaaqudgha.
 19702 | D:11     | Found a blossoming altar of Fedhas.
 19702 | D:11     | Found a shimmering altar of Xom.
 19783 | D:11     | Reached skill level 1 in Summonings
 19783 | D:11     | Reached skill level 1 in Air Magic
 20011 | D:12     | Found a staircase to the Orcish Mines.
 20245 | D:12     | Noticed a six-headed hydra
 20265 | D:12     | Killed a six-headed hydra
 21051 | D:3      | Killed Sigmund
 22148 | Lair:3   | Learned a level 2 spell: Swiftness
 22229 | Lair:3   | Reached XP level 13. HP: 72/72 MP: 27/27
 22475 | Lair:3   | Reached skill level 5 in Summonings
 22696 | Lair:3   | Found a staircase to the Shoals.
 22980 | Lair:4   | Reached skill level 5 in Air Magic
 23338 | Lair:4   | Received a gift from Sif Muna
 24041 | Lair:4   | Learned a level 5 spell: Lightning Bolt
 24941 | Lair:5   | Found a viscous altar of Jiyva.
 24942 | Lair:5   | Found a staircase to the Slime Pits.
 24950 | Lair:5   | Reached skill level 5 in Invocations
 26470 | Orc:1    | Entered Level 1 of the Orcish Mines
 26637 | Orc:2    | Entered Level 2 of the Orcish Mines
 27370 | Orc:1    | Paralysed by an orc sorcerer for 5 turns
 27749 | Orc:2    | Reached skill level 10 in Spellcasting
 27974 | Orc:1    | Reached skill level 12 in Conjurations
 28351 | Orc:2    | Identified Sif Muna's Grimoire of Curses (Sif Muna gifted
                  | it to you on level 2 of the Orcish Mines)
 28351 | Orc:2    | Received a gift from Sif Muna
 28743 | Orc:2    | Learned a level 1 spell: Animate Skeleton
 29155 | Orc:2    | Reached XP level 14. HP: 68/76 MP: 28/30
 29276 | Orc:2    | Found Vomyh's Gadget Shoppe.
 29276 | Orc:2    | Found Fingireo's Gadget Shoppe.
 29277 | Orc:2    | Found Jestrean's Gadget Emporium.
 29280 | Orc:2    | Found Nigiyto's Assorted Antiques.
 29284 | Orc:2    | Bought a twitching amber ring for 160 gold pieces
 29284 | Orc:2    | Bought a scroll of identify for 64 gold pieces
 29285 | Orc:2    | Identified the ring of Edwit {+Fly Int+3} (You bought it in
                  | a shop on level 2 of the Orcish Mines)
 29463 | Orc:2    | Found a staircase to the Elven Halls.
 29614 | Orc:1    | Found a roughly hewn altar of Beogh.
 29854 | Lair:6   | Entered Level 6 of the Lair of Beasts
 32123 | D:13     | Found a gate to the Vaults.
 32978 | D:14     | Found an ancient bone altar of Kikubaaqudgha.
 32979 | D:14     | Noticed Halul Cua's ghost (journeyman TrTm)
 32980 | D:14     | Noticed Iqohoc's ghost (journeyman VSBe)
 32980 | D:14     | Noticed Ucrul's ghost (journeyman VSBe)
 32981 | D:14     | Noticed a lich
 32981 | D:14     | Noticed a lich
 33414 | D:15     | Entered Level 15 of the Dungeon
 33561 | D:14     | Learned a level 4 spell: Airstrike
 33635 | D:15     | HP: 3/76 [meliai/+1 hand axe of flaming (9)]
 33635 | D:15     | Slain by a meliai

Illustrated notes

Levels and vault maps discovered:
D:1:      dpeg_arrival_long_road, layout_basic
D:2:      layout_loops_ring, grunt_dithmenos_smoke, minitemple, uniq_robin,
          uniq_jessica
D:3:      layout_loops_ring, first_ration, uniq_sigmund, uniq_terence
D:4:      minmay_bubble_buster, layout_basic, kennysheep_mini_moat
D:5:      wander_guarded_unrand_ratskin, layout_basic, lightli_temple_of_fire,
          lemuel_coloured_pillars_altar, temple_hall, uniq_grinder
D:6:      layout_gridville, grunt_temple_overflow_champion_of_chaos
D:7:      layout_loops_corners, basic_altar
D:8:      cheibrodos_barr_body, layout_layer_cave, david_lair_generic,
          serial_undead, serial_undead_d, serial_undead_a, serial_undead_e,
          serial_undead_b
D:9:      layout_stronghold, the_bakery
D:10:     layout_gridville
D:11:     layout_roguey, doesnt_xom_only_xom
D:12:     layout_irregular_city, orc_0_dummy
D:13:     layout_basic, ximxim_vaults_locker_room
D:14:     layout_basic, gammafunk_ghost_crypt, eino_curves_02
D:15:     hangedman_depths_entry_civil_slaughter, layout_basic,
          nicolae_twisting_strands, gauntlet_entry_generic
Lair:1:   layout_regular_city, disabler_island
Lair:2:   dpeg_oklob_shooting_range, layout_cave_pods,
          minmay_snake_entry_guardpost_small, hibernation_bobbens,
          infiniplex_staircase_pool_2, minmay_lair_oklob_chamber,
          lemuel_fruit_tree
Lair:3:   layout_chaotic_city, minmay_shoals_entry_lonely_mermaid,
          eino_house_with_fridge
Lair:4:   layout_cave_pods, grunt_megastairs_1, uniq_snorg
Lair:5:   layout_cave_pods, slime_altar_1, wad_woods_road_06
Lair:6:   due_jungle_book, layout_cave_pods, serial_bayou_shore_a
Orc:1:    layout_caves, david_defended_altar_orc
Orc:2:    st_orc_mages, layout_caves

Skill      XL: |  1  2  3  4  5  6  7  8  9 10 11 12 13 14 |
---------------+-------------------------------------------+-----
Stealth        | 3 4 7 9 10 | 10.9
Conjurations   | 5 6 7 8 9 10 11 12 | 12.9
Hexes          | 1 2 3 4 6 8 9 10 | 10.2
Invocations    | 1 2 4 6 7 |  7.0
Spellcasting   | 5 6 7 8 10 11 | 11.0
Translocations | 3 4 5 6 7 |  7.3
Evocations     | 2 4 5 |  5.9
Dodging        | 3 4 6 8 9 |  9.4
Fighting       | 2 3 4 |  4.4
Staves         | 1 2 |  2.9
Armour         | 1 2 |  2.5
Summonings     | 4 7 |  7.0
Air Magic      | 4 8 9 |  9.5

Action                   |  1- 3 |  4- 6 |  7- 9 | 10-12 | 13-15 || total
-------------------------+-------+-------+-------+-------+-------++-------
Melee: Dagger            |    13 |    14 |    21 |     2 |       ||    50
       Staff             |       |       |     3 |    52 |    27 ||    82
       Quarterstaff      |       |       |       |    52 |       ||    52
 Cast: Magic Dart        |    27 |    21 |    49 |    87 |   105 ||   289
       Searing Ray       |    12 |    27 |    67 |   127 |   111 ||   344
       Fulminant Prism   |       |       |     6 |    37 |    43 ||    86
       Iskenderun's Myst |       |       |    10 |    46 |    42 ||    98
       Dazzling Flash    |       |       |       |     1 |       ||     1
       Gell's Gravitas   |       |       |       |     9 |     3 ||    12
       Apportation       |       |       |       |     5 |     5 ||    10
       Summon Lightning  |       |       |       |     1 |     5 ||     6
       Lightning Bolt    |       |       |       |       |   116 ||   116
       Animate Skeleton  |       |       |       |       |     5 ||     5
       Swiftness         |       |       |       |       |     1 ||     1
Invok: Channel Magic     |       |       |       |       |     3 ||     3
 Abil: Evoke Ratskin     |       |       |     1 |     8 |     1 ||    10
Evoke: Wand              |       |       |       |     4 |       ||     4
       Lightning rod     |       |       |       |     3 |     1 ||     4
  Use: Scroll            |       |    12 |     4 |    16 |     3 ||    35
       Potion            |       |       |       |     3 |       ||     3
 Stab: Sleeping          |       |     4 |     7 |     1 |       ||    12
  Eat: Ration            |     1 |     2 |     5 |    12 |     9 ||    29
Armor: Robe              |     5 |    11 |    22 |    45 |       ||    83
       Troll leather arm |       |       |       |    33 |    60 ||    93
Dodge: Dodged            |    32 |    36 |    45 |   184 |   135 ||   432

Table legend:
 A = Non-vault XP
 B = Vault XP
 C = Vault XP percentage of total XP
 D = Non-vault monster count
 E = Vault monster count
 F = Vault count percentage of total count
                 A         B        C        D         E       F
            +---------+---------+-------+---------+---------+-------
      Total |   64912 |   19103 |  22.7 |     453 |     152 |  25.1
            +---------+---------+-------+---------+---------+-------
        D:1 |      55 |       0 |   0.0 |      28 |       0 |   0.0
        D:2 |      12 |      77 |  86.5 |      11 |      14 |  56.0
        D:3 |      57 |     267 |  82.4 |      21 |       2 |   8.7
        D:4 |     625 |      74 |  10.6 |      15 |       8 |  34.8
        D:5 |     539 |     448 |  45.4 |      13 |      22 |  62.9
        D:6 |     217 |      50 |  18.7 |      11 |       1 |   8.3
        D:7 |     563 |     111 |  16.5 |       7 |       1 |  12.5
        D:8 |    2034 |    2096 |  50.8 |      26 |      25 |  49.0
        D:9 |     904 |     229 |  20.2 |      11 |       1 |   8.3
       D:10 |     647 |       0 |   0.0 |      14 |       0 |   0.0
       D:11 |    8094 |       0 |   0.0 |      54 |       0 |   0.0
       D:12 |    3051 |       0 |   0.0 |      19 |       0 |   0.0
       D:13 |    8649 |    5394 |  38.4 |      31 |      12 |  27.9
       D:14 |    5996 |       0 |   0.0 |      23 |       0 |   0.0
       D:15 |     503 |       0 |   0.0 |       3 |       0 |   0.0
     Lair:1 |    3136 |     151 |   4.6 |      12 |       1 |   7.7
     Lair:2 |    1846 |    1478 |  44.5 |       8 |       7 |  46.7
     Lair:3 |    6032 |    1086 |  15.3 |      37 |       4 |   9.8
     Lair:4 |   11008 |    2668 |  19.5 |      32 |       5 |  13.5
     Lair:5 |    5645 |       0 |   0.0 |      18 |       0 |   0.0
     Lair:6 |     361 |       0 |   0.0 |       1 |       0 |   0.0
      Orc:1 |    2693 |     659 |  19.7 |      27 |       4 |  12.9
      Orc:2 |    2245 |    4315 |  65.8 |      31 |      45 |  59.2
            +---------+---------+-------+---------+---------+-------
